 Dungeon Crawl Stone Soup version 0.23.2-33-g5129a83184 (webtiles) character file.

Game seed: 17469543493682640724

30 Wormgod the Magician (level 3, -1/31 HPs)
             Began as a Gnoll Wanderer on June 28, 2019.
             Slain by a worm (11 damage)
             ... on level 2 of the Dungeon.
             The game lasted 00:05:35 (1271 turns).

Wormgod the Magician (Gnoll Wanderer)               Turns: 1271, Time: 00:05:35

Health: -1/31      AC:  2    Str: 15    XL:     3   Next: 18%
Magic:  9/9        EV: 11    Int: 15    God:
Gold:   42         SH:  0    Dex: 13    Spells: 11/12 levels left

rFire    . . .     SeeInvis .   a - +0 club
rCold    . . .     Gourm    .   (no shield)
rNeg     . . .     Faith    .   d - +0 robe
rPois    .         Spirit   .   (no helmet)
rElec    .         Reflect  .   (no cloak)
rCorr    .         Harm     .   (no gloves)
MR       .....                  (no boots)
Stlth    ++........             (no amulet)
HPRegen  0.10/turn              (no ring)
MPRegen  0.11/turn              (no ring)

@: no status effects
A: distributed training, fangs 1, strong nose
a: no special abilities


You were on level 2 of the Dungeon.
You were very hungry.

You visited 1 branch of the dungeon, and saw 2 of its levels.

You collected 42 gold pieces.

Inventory:

Hand Weapons
 a - a +0 club (weapon)
Armour
 d - a +0 robe (worn)
Scrolls
 c - 3 scrolls of teleportation
 g - 3 scrolls of identify
 h - a scroll of magic mapping
Potions
 b - a potion of invisibility
 e - a potion of brilliance {unknown}
 j - a potion of heal wounds {unknown}
 k - a potion of magic {unknown}
Comestibles
 f - a ration


   Skills:
 + Level 4.5 Fighting
 + Level 0.6 Short Blades
 + Level 0.6 Long Blades
 + Level 0.6 Axes
 + Level 0.6 Maces & Flails
 + Level 0.6 Polearms
 + Level 0.6 Staves
 + Level 0.6 Slings
 + Level 0.6 Bows
 + Level 0.6 Crossbows
 + Level 0.6 Throwing
 + Level 0.6 Armour
 + Level 0.6 Dodging
 + Level 2.3 Stealth
 + Level 2.5 Shields
 + Level 4.5 Unarmed Combat
 + Level 5.0 Spellcasting
 + Level 2.1 Conjurations
 + Level 0.4 Hexes
 + Level 0.4 Charms
 + Level 0.4 Summonings
 + Level 0.4 Necromancy
 + Level 0.4 Translocations
 + Level 0.4 Transmutations
 + Level 0.4 Fire Magic
 + Level 0.4 Ice Magic
 + Level 0.4 Air Magic
 + Level 0.4 Earth Magic
 + Level 0.4 Poison Magic
 + Level 0.8 Invocations
 + Level 2.5 Evocations


You had 11 spell levels left.
You knew the following spells:

 Your Spells              Type           Power        Failure   Level  Hunger
a - Sting                 Conj/Pois      #...         10%         1    None

Your spell library contained the following spells:

 Spells                   Type           Power        Failure   Level  Hunger
 Magic Dart               Conj           ##..         7%          1    None
 Blink                    Tloc           N/A          21%         2    ##.....
 Call Imp                 Summ           #.......     21%         2    ##.....
 Slow                     Hex            #.......     21%         2    ##.....
 Conjure Flame            Conj/Fire      #.......     28%         3    ###....
 Mephitic Cloud           Conj/Pois/Air  #.......     32%         3    ###....
 Spider Form              Tmut/Pois      #.........   38%         3    ###....


Dungeon Overview and Level Annotations

Branches:
Dungeon (2/15)

Altars:


Innate Abilities, Weirdness & Mutations

Your experience applies equally to all skills.
You have very sharp teeth.
Your uncanny sense of smell can sniff out nearby items.


Message History

The sting hits the worm but does no damage.
The worm is poisoned.
Found 14 bolts.
You see here a scroll of identify.
g - 3 scrolls of identify (gained 1)
The worm looks more healthy.
You barely miss the worm. The worm bites you!
You hit the worm.
The worm is lightly wounded.
The worm bites you.
You hit the worm.
The worm is lightly wounded.
You hit the worm but do no damage.
The worm is lightly wounded.
The worm barely misses you.
You hit the worm but do no damage. The worm bites you!
You hit the worm.
The worm is lightly wounded.
The worm bites you!
You die...

#######
#.....########
#............#
#............#####
#.....<.....<.....
#............#####
#.................
#......w......####
#......@..........
............######
........#####
.....(..#
........#
........#
....#...#
....##..# ∆


You could see a worm.

Vanquished Creatures
  A dart slug (D:1)
  6 bats
  A giant cockroach (D:1)
  2 goblins (D:1)
  2 hobgoblins (D:1)
  4 jackals (D:1)
  A ball python (D:1)
  2 frilled lizards (D:1)
  4 kobolds (D:1)
  3 rats (D:1)
26 creatures vanquished.

Notes
Turn   | Place    | Note
-------+----------+-------------------------------------------
     0 | D:1      | Wormgod the Gnoll Wanderer began the quest for the Orb.
     0 | D:1      | Wormgod set off with the following items: a +0 club, a
                  | scroll of teleportation, a +0 robe, a ration; and the
                  | following spells available to memorise: Magic Dart, Sting,
                  | Blink, Call Imp, Slow, Conjure Flame, Mephitic Cloud,
                  | Spider Form
     0 | D:1      | Reached XP level 1. HP: 20/20 MP: 6/6
   238 | D:1      | Reached XP level 2. HP: 26/26 MP: 7/7
   242 | D:1      | Learned a level 1 spell: Sting
   728 | D:1      | Reached XP level 3. HP: 31/31 MP: 9/9
   770 | D:1      | Reached skill level 5 in Spellcasting
  1271 | D:2      | Slain by a worm

Skill      XL: |  1  2  3 |
---------------+----------+-----
Conjurations   | 2 |  2.1
Spellcasting   | 5 |  5.0
Fighting       | |  4.5
Short Blades   | |  0.6
Long Blades    | |  0.6
Axes           | |  0.6
Maces & Flails | |  0.6
Polearms       | |  0.6
Staves         | |  0.6
Slings         | |  0.6
Bows           | |  0.6
Crossbows      | |  0.6
Throwing       | |  0.6
Armour         | |  0.6
Dodging        | |  0.6
Stealth        | |  2.3
Shields        | |  2.5
Unarmed Combat | |  4.5
Hexes          | |  0.4
Charms         | |  0.4
Summonings     | |  0.4
Necromancy     | |  0.4
Translocations | |  0.4
Transmutations | |  0.4
Fire Magic     | |  0.4
Ice Magic      | |  0.4
Air Magic      | |  0.4
Earth Magic    | |  0.4
Poison Magic   | |  0.4
Invocations    | |  0.8
Evocations     | |  2.5

Action                   || total
-------------------------++-------
Melee: Club              ||    60
       Bite              ||     7
 Cast: Sting             ||     9
  Use: Scroll            ||     3
 Stab: Sleeping          ||     3
Armor: Robe              ||    17
Dodge: Dodged            ||    55
